 Dungeon Crawl Stone Soup version 0.22.1-1-ga44c0e5 (webtiles) character file.

4454 diana the Impaler (level 10, 0/91 HPs)
             Began as a Merfolk Gladiator on Oct 11, 2018.
             Was an Elder of Okawaru.
             Slain by a quokka (5 damage)
             ... on level 8 of the Dungeon.
             The game lasted 00:18:18 (8495 turns).

diana the Impaler (Merfolk Gladiator)               Turns: 8495, Time: 00:18:19

Health: 0/91       AC:  5    Str: 20    XL:     10   Next: 37%
Magic:  11/11      EV: 14    Int:  9    God:    Okawaru [****..]
Gold:   434        SH:  0    Dex: 20    Spells: 9/9 levels left

rFire    . . .     SeeInvis +   A - +1 trident (vamp)
rCold    x . .     Gourm    .   (no shield)
rNeg     . . .     Faith    .   L - +3 leather armour of Going Fast {rC- Str+4 Int+2}
rPois    .         Spirit   .   c - +0 helmet
rElec    .         Reflect  .   r - +0 cloak
rCorr    .         Harm     .   x - +0 pair of gloves
MR       .....                  (no boots)
Stlth    +++.......             (no amulet)
HPRegen  0.25/turn              l - ring of stealth
MPRegen  0.12/turn              p - ring of see invisible

@: corroded
A: change form in water, swift swim, stealthy swim, agile 1, high mp 1, robust 1
a: Heroism, Renounce Religion


You were on level 8 of the Dungeon.
You worshipped Okawaru.
Okawaru was greatly pleased with you.
You were hungry.

You visited 2 branches of the dungeon, and saw 9 of its levels.
You also visited: Ossuary.

You collected 434 gold pieces.

Inventory:

Hand Weapons
 A - a +1 vampiric trident (weapon)
Missiles
 d - 3 throwing nets (quivered)
Armour
 b - a +0 leather armour
 c - a +0 helmet (worn)
 r - a +0 cloak (worn)
 x - a +0 pair of gloves (worn)
 L - the +3 leather armour of Going Fast (worn) {rC- Str+4 Int+2}
   (You took it off an orc on level 7 of the Dungeon)

   It affects your strength (+4).
   It affects your intelligence (+2).
   It makes you vulnerable to cold.
Jewellery
 l - a ring of stealth (left hand)
 p - a ring of see invisible (right hand)
 t - an uncursed ring of wizardry
 H - a cursed ring of flight
Wands
 a - a wand of acid (6)
 h - a wand of disintegration (12)
 v - a wand of iceblast (12)
 I - a wand of paralysis (22)
 O - a wand of enslavement (20)
Scrolls
 g - 13 scrolls of remove curse
 j - 2 scrolls of enchant weapon
 m - 3 scrolls of immolation
 n - 3 scrolls of fear
 o - 7 scrolls of identify
 q - 3 scrolls of teleportation
 y - a scroll of noise {unknown}
 C - a scroll of amnesia
 D - a scroll of enchant armour
 E - a scroll of torment
 G - a scroll of fog {unknown}
 N - a scroll of brand weapon {unknown}
Potions
 e - 4 potions of might {unknown}
 i - 2 potions of cancellation
 k - 3 potions of brilliance
 s - 3 potions of agility {unknown}
 u - a potion of mutation
 w - a potion of flight {unknown}
 z - a potion of ambrosia {unknown}
 B - 4 potions of haste
 F - a potion of magic {unknown}
 J - 2 potions of curing
 K - a potion of heal wounds {unknown}
 M - 4 potions of degeneration {unknown}
Comestibles
 f - 9 rations


   Skills:
 + Level 9.6 Fighting
 * Level 16.5 Polearms
 - Level 2.0 Throwing
 - Level 4.0 Dodging


You had 9 spell levels left.
You didn't know any spells.
Your spell library contained the following spells:

 Spells                   Type           Power        Failure   Level  Hunger
 Corona                   Hex            #......      43%         1    ##.....
 Ensorcelled Hibernation  Hex/Ice        #.....       58%         2    ###....
 Confuse                  Hex            #.......     82%         3    ####...
 Dazzling Spray           Conj/Hex       #.....       82%         3    ####...
 Tukima's Dance           Hex            #.......     82%         3    ####...


Dungeon Overview and Level Annotations

Branches:
Dungeon (8/15)             Temple (1/1) D:5
   Lair: D:8-11

Altars:
Ashenzari
Cheibriados
Dithmenos
Elyvilon
Fedhas
Gozag
Hepliaklqana
Kikubaaqudgha
Makhleb
Nemelex Xobeh
Okawaru
Qazlal
Ru
Sif Muna
Trog
Uskayaw
Vehumet
Wu Jian
Xom
Yredelemnul
Zin
The Shining One

Shops:
D:4 !   D:5 !


Innate Abilities, Weirdness & Mutations

You revert to your normal form in water.
You are very nimble and swift while swimming.
You are very stealthy in the water. (Stealth+)
You are agile. (Dex +2)
You have an increased reservoir of magic. (+10% MP)
You are robust. (+10% HP)


Message History

The centaur shoots an arrow.
The arrow misses you.
The centaur unwields an uncursed shortbow.
The centaur closely misses you.
Unknown command.
Unknown command.
You barely miss the centaur. The centaur closely misses you.
The quokka bites you.
* * * LOW HITPOINT WARNING * * *
You hit the centaur but do no damage. The centaur hits you.
* * * LOW HITPOINT WARNING * * *
The quokka bites you.
* * * LOW HITPOINT WARNING * * *
Unknown command.
Throwing (i - inventory)
d - 4 throwing nets (quivered)
Press: ? - help, Shift-Dir - straight line, f - centaur
Aim: a centaur You throw a throwing net.
The throwing net hits the centaur.
The centaur is caught in the net!
The centaur struggles against the net.
The quokka bites you.
You die...

###.... .... ......
...... .... ......
.#.... .(. ..... ..
..#.. ..#..#.# ...
..### ..#...# .....
.... ....###....# ....
#c.........##....
##@r...##......##
##............#
##.?..(........##
#.....)(....$../#
#......(........# ###
#.......(.......##...
#..).$..())†......[..
#.........).)....#...#
##..........(........#


You could see a centaur (caught) and a quokka.

Vanquished Creatures
  Pikel (D:7)
  Joseph (D:7)
  Menkaure (D:7)
  2 water moccasins (D:8)
  4 ice beasts
  3 sky beasts
  A slave (D:7)
  2 ogres
  A centaur (D:8)
  2 big kobolds
  5 bullfrogs
  3 scorpions
  5 killer bees (D:8)
  2 crimson imps
  3 howler monkeys
  2 centaur zombies (Ossuary)
  3 human zombies (Ossuary)
  A jelly (D:8)
  4 hounds
  6 orc priests
  2 bullfrog skeletons (D:5)
  2 iguanas (D:6)
  10 orc wizards
  5 worker ants
  2 big kobold zombies (Ossuary)
  2 mummies (Ossuary)
  A hound zombie (D:5)
  A hound skeleton (D:4)
  3 gnolls (D:5)
  19 adders
  2 shadow imps
  An ooze (D:3)
  3 adder zombies
  2 adder skeletons
  3 worms
  2 dart slugs
  2 leopard geckos
  38 orcs
  2 ball pythons (D:3)
  11 bats
  5 giant cockroaches
  19 hobgoblins
  2 jackals (D:5)
  5 quokkas
  4 frilled lizards
  19 goblins
  A goblin zombie (Ossuary)
  7 hobgoblin zombies (Ossuary)
  39 kobolds
  13 kobold zombies (Ossuary)
  A leopard gecko zombie (D:6)
  4 orc zombies (Ossuary)
  A quokka zombie (D:5)
  5 rats
  2 rat zombies (Ossuary)
  A plant (D:4)
293 creatures vanquished.

Vanquished Creatures (others)
  A wizard (D:4)
  A crimson imp (D:7)
2 creatures vanquished.

Grand Total: 295 creatures vanquished

Notes
Turn   | Place    | Note
-------+----------+-------------------------------------------
     0 | D:1      | diana the Merfolk Gladiator began the quest for the Orb.
     0 | D:1      | Reached XP level 1. HP: 16/16 MP: 1/1
   257 | D:1      | Reached XP level 2. HP: 17/23 MP: 2/2
   258 | D:1      | Reached skill level 5 in Polearms
   877 | D:1      | Reached XP level 3. HP: 28/28 MP: 3/3
  1576 | D:2      | Reached skill level 6 in Polearms
  1831 | D:2      | Reached XP level 4. HP: 35/35 MP: 4/4
  2328 | D:3      | Reached skill level 7 in Polearms
  2328 | D:3      | Reached XP level 5. HP: 37/41 MP: 5/5
  2674 | D:3      | Gained mutation: You have an increased reservoir of magic.
                  | (+10% MP) [potion of mutation]
  2674 | D:3      | Gained mutation: You are robust. (+10% HP) [potion of
                  | mutation]
  2674 | D:3      | Gained mutation: You are agile. (Dex +2) [potion of
                  | mutation]
  2950 | D:4      | Found Inkas's Distillery.
  2960 | D:4      | Noticed a sky beast
  3061 | D:4      | Killed a sky beast
  3061 | D:4      | Reached skill level 8 in Polearms
  3061 | D:4      | Reached XP level 6. HP: 32/53 MP: 6/6
  3253 | D:4      | Found a bloodstained altar of Trog.
  3254 | D:4      | Noticed a wizard
  3259 | D:4      | Killed a wizard
  3339 | D:4      | Reached skill level 9 in Polearms
  3455 | D:4      | Reached XP level 7. HP: 57/60 MP: 7/7
  3990 | D:3      | Reached skill level 5 in Fighting
  4244 | D:5      | Entered Level 5 of the Dungeon
  4278 | D:5      | Found a staircase to the Ecumenical Temple.
  4293 | D:5      | Reached skill level 10 in Polearms
  4317 | Temple   | Entered the Ecumenical Temple
  4489 | Temple   | Became a worshipper of Warmaster Okawaru
  4764 | D:5      | Found a shimmering altar of Xom.
  4838 | D:5      | Found Dufan's Distillery.
  4860 | D:5      | Found the +11 plutonium sword {*Contam Stlth-}
  5086 | D:5      | Reached skill level 11 in Polearms
  5086 | D:5      | Reached XP level 8. HP: 60/70 MP: 8/8
  5579 | D:5      | Found a deep blue altar of Sif Muna.
  5696 | D:6      | Reached * piety under Okawaru
  5751 | D:6      | Reached skill level 12 in Polearms
  5794 | D:6      | Found a bloodstained altar of Trog.
  6027 | D:6      | Reached skill level 13 in Polearms
  6060 | D:6      | Found a sand-covered staircase.
  6068 | Ossuary  | Entered an ossuary
  6223 | Ossuary  | Reached ** piety under Okawaru
  6223 | Ossuary  | Reached XP level 9. HP: 25/79 MP: 9/9
  6291 | Ossuary  | HP: 3/79 [centaur zombie (6)]
  6312 | Ossuary  | HP: 3/79 [human zombie (6)]
  7150 | D:7      | Noticed Menkaure
  7161 | D:7      | Killed Menkaure
  7161 | D:7      | Reached skill level 14 in Polearms
  7516 | D:7      | Noticed Pikel
  7540 | D:7      | Killed Pikel
  7575 | D:7      | Got a scorched leather armour
  7586 | D:7      | Identified the +3 leather armour of Going Fast {rC- Str+4
                  | Int+2} (You took it off an orc on level 7 of the Dungeon)
  7610 | D:7      | Reached *** piety under Okawaru
  7610 | D:7      | Reached skill level 15 in Polearms
  7780 | D:7      | Noticed Joseph
  7799 | D:7      | Killed Joseph
  7973 | D:8      | Reached XP level 10. HP: 91/91 MP: 11/11
  8070 | D:8      | Reached skill level 16 in Polearms
  8118 | D:8      | Reached **** piety under Okawaru
  8495 | D:8      | Slain by a quokka

Skill      XL: |  1  2  3  4  5  6  7  8  9 10 |
---------------+-------------------------------+-----
Polearms       | 5 6 7 8 9 11 13 15 16 | 16.5
Fighting       | 3 4 6 7 9 |  9.6
Throwing       | |  2.0
Dodging        | |  4.0

Action                   |  1- 3 |  4- 6 |  7- 9 | 10-12 || total
-------------------------+-------+-------+-------+-------++-------
Melee: Trident           |   118 |   224 |   720 |   148 ||  1210
       Tailslap          |       |       |     1 |       ||     1
Throw: Throwing net      |       |       |       |     1 ||     1
Invok: Heroism           |       |       |     1 |       ||     1
  Use: Potion            |     3 |     2 |     6 |       ||    11
       Scroll            |       |     7 |    10 |       ||    17
 Stab: Sleeping          |     7 |     7 |    17 |       ||    31
       Distracted        |       |       |     4 |       ||     4
  Eat: Chunk             |     2 |     6 |     8 |     3 ||    19
       Ration            |       |       |     3 |       ||     3
Armor: Leather armour    |    30 |    38 |    94 |    32 ||   194
Dodge: Dodged            |    75 |   124 |   278 |    81 ||   558
